 Dungeon Crawl Stone Soup version 0.31-a0-325-g067879e3d3 (webtiles) character file.

Game seed: 9050672104674414033

5100 shakesphere1979 the Nimble (level 10, -7/63 HPs)
             Began as a Merfolk Ice Elementalist on July 17, 2023.
             Was a Follower of Hepliaklqana.
             Killed from afar by an electric eel (11 damage)
             ... with a bolt of electricity
             ... on level 9 of the Dungeon on July 18, 2023.
             The game lasted 01:12:47 (10342 turns).

shakesphere1979 the Nimble (MfIE)                  Turns: 10342, Time: 01:12:48

Health: -7/63      AC:  6    Str:  9    XL:     10   Next: 57%
Magic:  17/20      EV: 15    Int: 19    God:    Hepliaklqana [*.....]
Gold:   585        SH:  5    Dex: 14    Spells: 12/23 levels left

rFire   x . .        a - +4 great sword
rCold   + . .        (shield currently unavailable)
rNeg    . . .        R - +0 troll leather armour
rPois   +            (no helmet)
rElec   .            H - +0 cloak
rCorr   .            Q - +0 pair of gloves
SInv    .            (no boots)
Will    .....        O - amulet of reflection
Stlth   +++          o - ring of ice
HPRegen 1.10/turn    v - ring of poison resistance
MPRegen 0.17/turn

%: reflection
@: no status effects
A: reduced essence, (nimble swimmer 2), mertail
a: Renounce Religion, Recall Ancestor, Ancestor Identity


You were on level 9 of the Dungeon.
You worshipped Hepliaklqana.
Hepliaklqana was aware of your devotion.
You visited 2 branches of the dungeon, and saw 10 of its levels.

You collected 585 gold pieces.

Inventory:

Hand Weapons
 a - a +4 great sword (weapon)
 b - a +2 dagger of holy wrath
 e - a +3 long sword
 w - a +0 shortbow
Missiles
 j - 3 atropa-tipped darts
 p - 92 stones
 r - 19 poisoned darts (quivered)
 y - 6 javelins
 A - a curare-tipped dart
 J - 2 throwing nets
Armour
 d - a +0 robe
 s - the +0 buckler of Barnacled Happiness {Str+4}
   (You found it on level 2 of the Dungeon)

   Str:       It affects your strength (+4).
 H - a +0 cloak (worn)
 Q - a +0 pair of gloves (worn)
 R - a +0 troll leather armour (worn)
Jewellery
 g - an amulet of faith
 o - a ring of ice (left hand)
 v - a ring of poison resistance (right hand)
 D - a ring of ice
 K - a ring of willpower
 L - an amulet of regeneration
 O - an amulet of reflection (around neck)
Talismans
 P - a maw talisman
Wands
 l - a wand of digging (5)
 m - a wand of charming (11)
 G - a wand of flame (15)
Scrolls
 f - 2 scrolls of enchant weapon
 i - 2 scrolls of fear
 u - a scroll of amnesia
 E - 3 scrolls of blinking
 I - a scroll of revelation {unknown}
 M - a scroll of brand weapon {unknown}
 S - a scroll of fog
Potions
 c - 3 potions of attraction
 h - a potion of magic
 k - a potion of brilliance {unknown}
 n - 2 potions of haste
 q - a potion of heal wounds
 t - 2 potions of ambrosia
 x - 3 potions of resistance {unknown}
 z - a potion of mutation {unknown}
 B - 2 potions of enlightenment {unknown}
 C - a potion of might {unknown}
 F - a potion of curing {unknown}
 N - a potion of degeneration {unknown}


   Skills:
 - Level 3.0 Fighting
 + Level 4.1 Long Blades
 - Level 3.0 Throwing
 + Level 8.5 Dodging
 - Level 6.0 Stealth
 - Level 7.0 Spellcasting
 - Level 5.5 Summonings
 - Level 7.0 Ice Magic
 + Level 5.5 Evocations


You had 12 spell levels left.
You knew the following spells:

 Your Spells              Type           Power      Damage    Failure   Level
a - Freeze                Ice            100%       1d10      1%          1
b - Frozen Ramparts       Ice            98%        1d15      2%          3
c - Ozocubu's Armour      Ice            49%        N/A       2%          3
d - Summon Ice Beast      Ice/Summ       45%        N/A       11%         4

Your spell library contained the following spells:

 Spells                   Type           Power      Damage    Failure   Level
 Ensorcelled Hibernation  Hex/Ice        58%        N/A       4%          2
 Slow                     Hex            24%        N/A       14%         1
 Passwall                 Tmut/Erth      5%         N/A       22%         2
 Confusing Touch          Hex            6%         N/A       38%         3
 Portal Projectile        Hex/Tloc       12%        N/A       38%         3
 Swiftness                Air            6%         N/A       38%         3
 Tukima's Dance           Hex            6%         N/A       38%         3
 Vampiric Draining        Necr           6%         2d6       38%         3
 Vhi's Electric Charge    Tloc/Air       12%        N/A       38%         3
 Metabolic Englaciation   Hex/Ice        14%        N/A       67%         5
 Iskenderun's Mystic Bla  Conj/Tloc      6%         2d4       80%         4
 Petrify                  Tmut/Erth      6%         N/A       80%         4
 Arcjolt                  Conj/Air       3%         1d13      98%         5
 Maxwell's Capacitive Co  Air            3%         ∞         100%        8


Dungeon Overview and Level Annotations

Branches:
Dungeon (9/15)             Temple (1/1) D:7            Lair (0/5) D:9
    Orc: D:9-12

Altars:
Ashenzari
Cheibriados
Dithmenos
Elyvilon
Gozag
Hepliaklqana
Kikubaaqudgha
Makhleb
Nemelex Xobeh
Okawaru
Ru
Sif Muna
Trog
Uskayaw
Vehumet
Wu Jian
Xom
Yredelemnul
Zin
The Shining One

Annotations:
D:3 Sigmund
D:4 2 transporters
D:9 Erica


Innate Abilities, Weirdness & Mutations

Your life essence is reduced to manifest your ancestor. (-10% HP)
((You are very nimble when in or above water. (Stealth+, EV+, Speed+++)))
Your lower body shifts to a powerful aquatic tail in water.


Message History

The bolt of electricity hits you!
The electric eel shoots out a bolt of lightning at you!
The bolt of electricity hits the electric eel.
The electric eel completely resists.
The bolt of electricity hits you! The bolt of electricity misses you.
The electric eel shoots out a bolt of lightning at you!
The bolt of electricity hits you! x2
The bolt of electricity misses the electric eel.
The bolt of electricity hits the electric eel.
The electric eel completely resists.
The bolt of electricity hits the plant!
The plant begins to die.
Casting: Frozen Ramparts (dangerous; 2% risk of failure)
Confirm with . or Enter, or press ? or * to list all spells.
Casting: Frozen Ramparts (dangerous; 2% risk of failure)
Press: ? - help, Dir - look around, f - activate You feel a surge of power!
The walls around you are covered in ice.
The wall freezes the electric eel.
The electric eel seems to slow down.
The electric eel shoots out a bolt of lightning at you!
The bolt of electricity misses you. The bolt of electricity hits you.
The bolt of electricity hits the electric eel.
The electric eel completely resists.
The bolt of electricity hits the electric eel.
The electric eel completely resists.
The bolt of electricity hits the plant!
You slice the electric eel!!
You kill the electric eel!
The electric eel shoots out a bolt of lightning at you!
The bolt of electricity hits you! x2
The bolt of electricity hits the electric eel.
The electric eel completely resists.
The bolt of electricity hits the plant!
The electric eel shoots out a bolt of lightning at you!
The bolt of electricity hits you!
* * * LOW HITPOINT WARNING * * *
The bolt of electricity hits you!
* * * LOW HITPOINT WARNING * * *
Your frozen ramparts will break if you move.
Continue?
The frozen ramparts melt away as you move.
The electric eel shoots out a bolt of lightning at you!
The bolt of electricity hits you!
You die... ~~~~~~P~♣~..~ ~PP~~~~~~~~ .. ~~≈≈≈~~~P .. ~~~~≈≈~ .. ♣~~P~~ .. #.~SS #.~♣♣♣♣ #.#..# ##@..# #...# #..#.# P.P

#..##.. ..P. #..# ###
######### P.P. #..#
##........ P...####..#
#....P..P. P.P.......#
###.........
PDP.....#.####.P..P..P..P


You could see an electric eel.

Vanquished Creatures
  A komodo dragon (D:9)
  A troll (D:9)
  2 hornets
  3 yaks (D:9)
  A steam dragon (D:7)
  6 water moccasins
  3 orc warriors
  2 black bears
  4 sky beasts
  3 ogres
  2 kobold brigands
  8 bullfrogs
  4 scorpions
  A wight (D:7)
  An electric eel (D:9)
  5 hounds
  5 orc priests
  Crazy Yiuf (D:6)
  A gnoll bouda (D:7)
  5 iguanas (D:5)
  Jessica (D:3)
  An orc wizard (D:8)
  4 gnolls (D:7)
  10 adders
  A shadow imp (D:8)
  A white imp (D:7)
  A worm (D:2)
  3 dart slugs
  23 orcs
  6 ball pythons
  5 bats
  5 endoplasms
  4 giant cockroaches
  4 goblins
  7 hobgoblins
  12 jackals
  15 kobolds
  8 quokkas
  A frilled lizard (D:3)
  7 rats
178 creatures vanquished.

Vanquished Creatures (collateral kills)
  4 wights
4 creatures vanquished.

Vanquished Creatures (others)
  A wight (D:7)
  2 ancestors (D:9)
3 creatures vanquished.

Grand Total: 185 creatures vanquished

Notes
Turn   | Place    | Note
-------+----------+-------------------------------------------
     0 | D:1      | shakesphere1979 the Merfolk Ice Elementalist began the
                  | quest for the Orb.
     0 | D:1      | Reached XP level 1. HP: 13/13 MP: 3/3
   175 | D:1      | Reached XP level 2. HP: 10/19 MP: 1/5
   177 | D:1      | Reached skill level 3 in Dodging
   734 | D:1      | Reached XP level 3. HP: 22/24 MP: 6/6
   938 | D:2      | Found an opulent altar of Gozag.
  1304 | D:2      | Reached XP level 4. HP: 28/30 MP: 7/7
  1478 | D:2      | Reached skill level 5 in Ice Magic
  1719 | D:2      | Identified the +0 buckler of Barnacled Happiness {Str+4}
  1929 | D:3      | Learned a level 3 spell: Frozen Ramparts
  2128 | D:3      | Reached skill level 4 in Dodging
  2206 | D:3      | Noticed Sigmund
  2260 | D:3      | Reached XP level 5. HP: 29/35 MP: 6/9
  2394 | D:3      | Noticed Jessica
  2451 | D:3      | Killed Jessica
  2659 | D:3      | Found a shadowy altar of Dithmenos.
  2809 | D:3      | Found an ornate altar of the Wu Jian Council.
  3248 | D:4      | Reached XP level 6. HP: 17/41 MP: 6/10
  3248 | D:4      | Noticed a black bear
  3376 | D:4      | Found a transporter.
  3473 | D:4      | Found a transporter.
  3477 | D:4      | Noticed an orc warrior
  3564 | D:4      | Killed an orc warrior
  3565 | D:4      | Reached skill level 5 in Dodging
  4263 | D:4      | Reached XP level 7. HP: 43/45 MP: 10/12
  4388 | D:4      | HP: 2/45 [black bear (4)]
  4568 | D:4      | Reached skill level 5 in Stealth
  4729 | D:5      | Entered Level 5 of the Dungeon
  4747 | D:5      | Found a white marble altar of Elyvilon.
  4851 | D:5      | Found an iron altar of Okawaru.
  4991 | D:5      | Reached skill level 6 in Dodging
  5101 | D:5      | Reached XP level 8. HP: 52/52 MP: 10/14
  5534 | D:5      | Learned a level 3 spell: Ozocubu's Armour
  5539 | D:5      | Learned a level 4 spell: Summon Ice Beast
  5706 | D:5      | Reached skill level 1 in Summonings
  5881 | D:5      | Found a snail-covered altar of Cheibriados.
  5900 | D:5      | Found a hide-covered altar of Uskayaw.
  6183 | D:6      | Reached skill level 7 in Dodging
  6240 | D:6      | Reached skill level 5 in Spellcasting
  6892 | D:6      | Found a runed translucent door.
  6893 | D:6      | Noticed Crazy Yiuf
  7045 | D:6      | Killed Crazy Yiuf
  7106 | D:7      | Found a staircase to the Ecumenical Temple.
  7447 | D:7      | Reached skill level 1 in Fighting
  7447 | D:7      | Reached skill level 1 in Throwing
  7447 | D:7      | Reached XP level 9. HP: 49/59 MP: 13/17
  7499 | Temple   | Entered the Ecumenical Temple
  7678 | Temple   | Became a worshipper of Hepliaklqana the Forgotten
  7836 | D:7      | Reached skill level 5 in Summonings
  8776 | D:8      | Identified the +8 war axe of Disintegration {antimagic,
                  | Fly}
  8786 | D:8      | Noticed a hornet
  8840 | D:8      | Killed a hornet
  8842 | D:8      | Upgraded the game from 0.31-a0-321-g19405a7a6a to
                  | 0.31-a0-325-g067879e3d3
  8899 | D:8      | Found a broken altar of Ashenzari.
  9012 | D:8      | Found an ancient bone altar of Kikubaaqudgha.
  9080 | D:8      | Reached skill level 1 in Evocations
  9648 | D:9      | Reached XP level 10. HP: 55/70 MP: 16/20
  9838 | D:9      | Noticed Erica
  9884 | D:9      | Reached * piety under Hepliaklqana
  9891 | D:9      | Reached skill level 1 in Long Blades
 10071 | D:9      | Reached skill level 8 in Dodging
 10071 | D:9      | Reached skill level 5 in Evocations
 10128 | D:9      | Found a staircase to the Lair.
 10341 | D:9      | HP: 3/63 [electric eel/bolt of electricity (10)]
 10342 | D:9      | Killed from afar by an electric eel

Illustrated notes

Levels and vault maps discovered:
D:1:      lemuel_arrival_rhombus, layout_loops_ring, serial_park_tiny_pond,
          roderic_lattice_a, amcnicky_mini_rare_corridor_liquid
D:2:      layout_rooms, basic_altar, mrwooster_statue_mirror, minmay_3d_cube
D:3:      layout_loops_ring, grunt_dithmenos_smoke_and_mirrors,
          nicolae_wu_jian_glorious_leap, uniq_jessica, uniq_sigmund
D:4:      gammafunk_steamed_eel, layout_basic, kennysheep_generic_room_11
D:5:      minmay_skewed_foursquare, layout_basic, okawaru_metal_pillars_3,
          elyvilon_altar_3, mainiacjoe_overflow_large_starburst
D:6:      layout_loops_ring, amcnicky_mini_corridor_feature,
          nicolae_benzene_ring, minmay_misc_feat_more_columns,
          minmay_misc_feat_roman, dk_rats_in_the_wall, uniq_crazy_yiuf_cottage
D:7:      layout_loops_cross, minmay_temple_entry_proselytizer
D:8:      layout_cave_pools, mainiacjoe_overflow_concentric_impassable,
          marbit_many_paths
D:9:      layout_loops_ring, due_lair_maze_entry_diamond, serial_shops, shop,
          kennysheep_flooded_box, minmay_hedge_maze, serial_bayou_ford_a,
          uniq_erica
Temple:   nicolae_temple_x_marks_the_god

Skill      XL: |  1  2  3  4  5  6  7  8  9 10 |
---------------+-------------------------------+-----
Dodging        | 3 4 5 6 7 8 |  8.5
Stealth        | 3 4 5 6 |  6.0
Ice Magic      | 5 6 7 |  7.0
Spellcasting   | 3 4 5 7 |  7.0
Summonings     | 4 5 |  5.5
Fighting       | 1 3 |  3.0
Throwing       | 1 3 |  3.0
Evocations     | 3 5 |  5.5
Long Blades    | 4 |  4.1

Action                     |  1- 3 |  4- 6 |  7- 9 | 10-12 || total
---------------------------+-------+-------+-------+-------++-------
  Melee: Unarmed           |     2 |       |       |       ||     2
         Mace              |    48 |    82 |       |       ||   130
         Long sword        |       |    52 |   120 |       ||   172
         Punch             |       |     3 |     1 |       ||     4
         Dagger            |       |       |    17 |     1 ||    18
         Great sword       |       |       |    25 |    24 ||    49
  Throw: Dart              |       |       |     3 |       ||     3
   Cast: Freeze            |    26 |    28 |    10 |       ||    64
         Frozen Ramparts   |       |     8 |    30 |     6 ||    44
         Summon Ice Beast  |       |       |     5 |       ||     5
         Ozocubu's Armour  |       |       |     1 |       ||     1
 Invoke: Ancestor Identity |       |       |       |     1 ||     1
  Evoke: Wand              |       |       |     3 |       ||     3
    Use: Scroll            |       |    10 |     3 |       ||    13
         Potion            |       |     2 |     2 |       ||     4
   Stab: Sleeping          |     5 |     7 |    11 |     1 ||    24
         Distracted        |       |       |     1 |       ||     1
 Armour: Robe              |    24 |    26 |    27 |     2 ||    79
         Troll leather arm |       |       |       |     3 ||     3
  Dodge: Dodged            |    71 |   152 |   136 |    23 ||   382
  Block: Other             |       |       |     7 |     8 ||    15
         Reflection        |       |       |       |     1 ||     1

Table legend: (Time is in decaauts)
 A = Elapsed time spent in this place.
 B = Non-inter-level travel time spent in this place.
 C = Inter-level travel time spent in this place.
 D = Time resting spent in this place.
 E = Time spent auto-exploring this place.
 F = Levels seen in this place.
 G = Mean time per level.
                   A        B        C        D        E       F      G
               +--------+--------+--------+--------+--------+-----+--------+
         Total |  10442 |  10284 |    158 |      0 |   6667 |  10 | 1044.2 |
       Dungeon |  10250 |  10109 |    141 |      0 |   6667 |   9 | 1138.9 |
        Temple |    192 |    175 |     17 |      0 |      0 |   1 |  192.0 |
               +--------+--------+--------+--------+--------+-----+--------+

Top non-repeatable levels by time:
     D:3: 1486 daAuts
     D:4: 1416 daAuts
     D:7: 1372 daAuts
     D:5: 1295 daAuts
     D:6: 1203 daAuts
     D:1: 1054 daAuts
     D:8: 862 daAuts
     D:2: 808 daAuts
     D:9: 750 daAuts
  Temple: 192 daAuts
